 Dungeon Crawl Stone Soup version 0.18-a0-1435-gee79d65 (webtiles) character file.

6412 Ratboiler the Basher (level 10, -2/102 HPs)
             Began as a Demonspawn Artificer on Feb 28, 2016.
             Was an Initiate of Gozag.
             Slain by Erolcha
             ... wielding a +0 giant spiked club
              (24 damage)
             ... on level 10 of the Dungeon.
             The game lasted 00:33:18 (13101 turns).

Ratboiler the Basher (Demonspawn Artificer)        Turns: 13101, Time: 00:33:18

Health: -2/102     AC: 25    Str: 19    XL:     10   Next: 66%
Magic:  12/12      EV:  2    Int: 13    God:    Gozag
Gold:   597        SH:  0    Dex: 17    Spells: 0 memorised, 9 levels left

rFire  + . .     SeeInvis .     a - +2 whip (freeze)
rCold  + . .     Gourm    .     (armour currently unavailable)
rNeg   + + +     Faith    .     (no shield)
rPois  +         Spirit   .     (helmet currently unavailable)
rElec  +         Dismiss  .     (cloak currently unavailable)
rCorr  +         Reflect  .     (gloves currently unavailable)
SustAt .         Harm     .     (boots currently unavailable)
MR     .....     NoTele   +     l - amulet of rage
Stlth  ++........               A - +3 ring of evasion
                                J - +2 ring of dexterity

@: mighty, tree-form, resistant, gold aura, slowed, very slow, not resistant to
hostile enchantments, unstealthy
A: (antennae 0), (iridescent scales 0), (fire resistance 0), flame cloud
immunity
a: Potion Petition, Call Merchant, Bribe Branch, Renounce Religion, Evoke
Berserk Rage


You were on level 10 of the Dungeon.
You worshipped Gozag.
Gozag was noncommittal.
You were not hungry.
You were a tree.
You visited 2 branches of the dungeon, and saw 12 of its levels.
You also visited: Ossuary.

You collected 1430 gold pieces.
You spent 104 gold pieces at shops.
You paid 729 gold pieces to Gozag.

Inventory:

Hand Weapons
 a - a +2 whip of freezing (weapon)
 b - the +3 blowgun "Viguot" {speed, rF+ Str+3}
   (You found it on level 8 of the Dungeon)

   Attacks with this weapon are significantly faster.
   It affects your strength (+3).
   It protects you from fire.
 E - a +2 vampiric whip
Missiles
 h - 19 poisoned needles
 m - 407 stones
 o - 3 throwing nets
 O - 4 poisoned javelins (quivered)
 Q - 4 javelins
Armour
 y - a +0 hat (melded)
 z - a +0 cloak (melded)
 G - the cursed +1 leather armour "Moukh" (melded) {Int-4 Dex+4}
   (You found it on level 5 of the Dungeon)

   It affects your intelligence (-4).
   It affects your dexterity (+4).
   It has a curse placed upon it.
 H - a +0 pair of gloves (melded)
 L - a +0 pair of boots (melded)
Jewellery
 l - an amulet of rage (around neck)
 A - a +3 ring of evasion (right branch)
 F - an uncursed ring of wizardry
 J - a +2 ring of dexterity (left branch)
 P - an uncursed ring of sustain attributes
Wands
 d - a wand of enslavement (0/24)
 w - a wand of random effects (6/48)
 B - a wand of flame (21/48)
 T - a wand of flame (28/48)
 W - a wand of polymorph (3/24)
 Y - a wand of lightning (6/15)
Scrolls
 i - 4 scrolls of fear
 j - 2 scrolls of fog
 n - 7 scrolls of remove curse
 q - 4 scrolls of blinking {unknown}
 v - a scroll of vulnerability {unknown}
 x - 3 scrolls of enchant weapon {unknown}
 K - 2 scrolls of magic mapping
 M - a scroll of immolation {unknown}
 S - a scroll of recharging
 X - 3 scrolls of enchant armour {unknown}
Potions
 f - 2 potions of lignification
 g - 2 potions of mutation
 r - 2 potions of magic
 t - 4 potions of curing
 u - a potion of might
 C - 3 potions of brilliance
 D - a potion of flight
 R - a potion of berserk rage
 V - a potion of ambrosia
Books
 s - a book of Hinderance

   Spells                             Type                      Level
   a - Confusing Touch                Hexes                        2
   b - Confuse                        Hexes                        3
   c - Gell's Gravitas                Hexes/Translocation          3
   d - Petrify                        Transmutation/Earth          4
   e - Metabolic Englaciation         Hexes/Ice                    5
   f - Yara's Violent Unravelling     Hexes/Transmutation          5
Comestibles
 e - 17 fruits
 p - 5 meat rations
 I - 2 bread rations
 U - a royal jelly


   Skills:
 - Level 2.6 Fighting
   Level 0.8 Short Blades
 - Level 14.0 Maces & Flails
 * Level 1.0 Armour
 - Level 1.7 Dodging
 - Level 0.8 Stealth
 - Level 3.0 Evocations


You had 9 spell levels left.
You didn't know any spells.

Dungeon Overview and Level Annotations

Branches:
Dungeon (11/15)            Temple (1/1) D:5            Lair (0/8) D:11
    Orc: D:9-12

Altars:
Ashenzari
Cheibriados
Dithmenos
Fedhas
Gozag
Kikubaaqudgha
Makhleb
Nemelex Xobeh
Okawaru
Pakellas
Qazlal
Trog
Vehumet
Xom
Yredelemnul
The Shining One

Shops:
D:8 ?

Annotations:
D:4 Fabri's ghost, novice NaWz
D:7 Menkaure
D:8 4 runed doors, tasslehoff34's ghost, novice DsGl
D:10 Erolcha
D:11 Harold; Maud


Innate Abilities, Weirdness & Mutations

((You have a pair of antennae on your head.))
((You are partially covered in iridescent scales (AC +4).))
((Your flesh is heat resistant.))
You are immune to clouds of flame.


Message History

Your +0 pair of boots melds into your body.
The cursed +1 leather armour "Moukh" {Int-4 Dex+4} melds into your body.
Your roots penetrate the ground.
Something hits you but does no damage.
You hear some strange, mumbled words.
Something tries to affect you, but you resist.
Drink which item? (? for menu, Esc to quit)
You feel protected. Something hits you but does no damage.
You hear a distant blaring wail to the north.
Something hits you!
* * * LOW HITPOINT WARNING * * *
You whack something! You freeze something.
Something hits you but does no damage. Something hits you but does no damage.
You closely miss something. Something hits you but does no damage.
Something hits you!!
You die...
Your body crumbles into a pile of gold.

#....{+.#######...
+....{#.......'... #....
#########... #... #... ##.%
###' ##..####### #.. #.....#
#.........# ##+# #.....#
#.........### #... ###.....#
#[{♣......+.## #... .......#
###.$$...(..#..####...
#.....###.'.........##....#...
#.....##..#.........#####<'..T
#.....##.##.........# ###...
#........############ ####
#.....#### #######


There were no monsters in sight!

Vanquished Creatures
  Pikel (D:7)
  Prince Ribbit (D:7)
  8 yaks
  A warg (D:9)
  A hippogriff (D:8)
  A water moccasin (D:3)
  2 orc warriors
  3 sky beasts
  2 black bears (D:6)
  A phantom (D:9)
  2 ogres
  2 scorpions
  5 centaurs
  3 big kobolds
  An elf zombie (Ossuary)
  4 giant frogs
  4 killer bees
  5 howler monkeys
  6 crimson imps
  3 centaur zombies
  3 giant frog zombies
  6 hounds
  2 giant frog skeletons
  A jelly (D:8)
  A human zombie (Ossuary)
  5 orc priests
  7 orc wizards
  A centaur skeleton (D:8)
  2 iguanas
  Jessica (D:3)
  Ijyb (D:3)
  Terence (D:3)
  7 worker ants
  A big kobold zombie (Ossuary)
  A hound zombie (Ossuary)
  3 mummies (Ossuary)
  A howler monkey zombie (D:11)
  A worker ant zombie (D:9)
  2 gnolls (D:1)
  10 adders
  A river rat (D:11)
  6 adder zombies
  2 worms (D:2)
  2 dart slugs
  6 giant geckos
  30 orcs
  8 giant cockroaches
  2 goblins
  7 hobgoblins
  13 jackals
  7 quokkas
  5 bats
  A giant cockroach zombie (D:5)
  A giant gecko skeleton (D:8)
  A giant gecko zombie (D:7)
  3 giant newts
  A gnoll zombie (Ossuary)
  2 goblin zombies (Ossuary)
  3 hobgoblin zombies (Ossuary)
  5 jackal zombies (Ossuary)
  8 kobolds
  5 kobold zombies (Ossuary)
  3 orc zombies (Ossuary)
  4 quokka zombies (Ossuary)
  4 rats
  2 rat zombies (Ossuary)
  A spectral orc (D:6)
246 creatures vanquished.

Vanquished Creatures (collateral kills)
  An iguana (D:7)
  An adder (D:3)
  A goblin (D:2)
3 creatures vanquished.

Vanquished Creatures (others)
  A yak (D:9)
  4 slaves (D:7)
  A scorpion (D:8)
  An adder (D:7)
  A kobold (D:11)
  A bush (D:11)
  3 fungi (D:11)
  3 plants (D:11)
15 creatures vanquished.

Grand Total: 264 creatures vanquished

Notes
Turn   | Place    | Note
--------------------------------------------------------------
     0 | D:1      | Ratboiler the Demonspawn Artificer began the quest for the Orb.
     0 | D:1      | Reached XP level 1. HP: 15/15 MP: 3/3
   456 | D:1      | Gained mutation: You have a pair of small antennae on your head. [demonic ancestry]
   456 | D:1      | Reached XP level 2. HP: 15/22 MP: 4/4
   743 | D:1      | Reached skill level 1 in Maces & Flails
   743 | D:1      | Reached XP level 3. HP: 28/28 MP: 5/5
  1657 | D:2      | Reached skill level 2 in Maces & Flails
  2029 | D:2      | Noticed a killer bee
  2029 | D:2      | a worm changed into a killer bee
  2031 | D:2      | Killed a killer bee
  2031 | D:2      | Reached skill level 3 in Maces & Flails
  2031 | D:2      | Gained mutation: Your flesh is heat resistant. [demonic ancestry]
  2031 | D:2      | Reached XP level 4. HP: 21/34 MP: 6/6
  2766 | D:3      | Noticed a water moccasin
  2772 | D:3      | Killed a water moccasin
  2772 | D:3      | Reached skill level 4 in Maces & Flails
  2772 | D:3      | Gained mutation: You have a pair of antennae on your head. [demonic ancestry]
  2772 | D:3      | Reached XP level 5. HP: 39/39 MP: 7/7
  2843 | D:3      | Noticed Ijyb
  2855 | D:3      | Killed Ijyb
  2855 | D:3      | Gained mutation: You are partially covered in iridescent scales (AC +4). [demonic ancestry]
  2855 | D:3      | Reached XP level 6. HP: 40/46 MP: 8/8
  2985 | D:3      | Noticed Jessica
  3008 | D:3      | Killed Jessica
  3008 | D:3      | Reached skill level 5 in Maces & Flails
  3053 | D:3      | Found an oddly glowing altar of Pakellas.
  3056 | D:3      | Noticed Terence
  3057 | D:3      | Found a shimmering altar of Xom.
  3094 | D:3      | Killed Terence
  3902 | D:4      | Found a sand-covered staircase.
  3925 | D:4      | Reached skill level 6 in Maces & Flails
  3958 | Ossuary  | Entered an ossuary
  4117 | Ossuary  | Reached XP level 7. HP: 29/51 MP: 9/9
  4644 | Ossuary  | Reached skill level 7 in Maces & Flails
  4935 | D:4      | Found a shattered altar of Ashenzari.
  5170 | D:4      | Noticed Fabri's ghost (novice NaWz)
  5174 | D:5      | Entered Level 5 of the Dungeon
  5280 | D:5      | Got a jewelled leather armour
  5291 | D:5      | Identified the cursed +1 leather armour "Moukh" {Int-4 Dex+4} (You found it on level 5 of the Dungeon)
  5319 | D:5      | Reached skill level 8 in Maces & Flails
  5319 | D:5      | Gained mutation: You are immune to clouds of flame. [demonic ancestry]
  5319 | D:5      | Reached XP level 8. HP: 57/57 MP: 10/10
  5528 | D:5      | Found a staircase to the Ecumenical Temple.
  5537 | Temple   | Entered the Ecumenical Temple
  5645 | Temple   | Became a worshipper of Gozag Ym Sagoz the Greedy
  6439 | D:6      | Found a bloodstained altar of Trog.
  6496 | D:6      | Reached skill level 9 in Maces & Flails
  6717 | D:6      | Found a glowing golden altar of the Shining One.
  6863 | D:6      | Found a basalt altar of Yredelemnul.
  7089 | D:7      | Noticed Prince Ribbit
  7116 | D:7      | Killed Prince Ribbit
  7116 | D:7      | Reached skill level 10 in Maces & Flails
  7159 | D:7      | Noticed Menkaure
  7171 | D:7      | Reached XP level 9. HP: 59/62 MP: 11/11
  7392 | D:7      | Noticed Pikel
  7429 | D:7      | Killed Pikel
  7429 | D:7      | Reached skill level 11 in Maces & Flails
  7620 | D:7      | Found a sparkling altar of Nemelex Xobeh.
  8176 | D:8      | Reached skill level 12 in Maces & Flails
  8268 | D:8      | Noticed tasslehoff34's ghost (novice DsGl)
  8796 | D:8      | Found a large runed door.
  8797 | D:8      | Found a large runed door.
  8861 | D:8      | Got a jewelled blowgun
  8905 | D:8      | Found a large runed door.
  8905 | D:8      | Found a large runed door.
  9006 | D:8      | Reached XP level 10. HP: 21/68 MP: 12/12
  9262 | D:8      | Bought a scroll of teleportation for 33 gold pieces
  9262 | D:8      | Bought a scroll of identify for 22 gold pieces
  9262 | D:8      | Bought a scroll of magic mapping for 38 gold pieces
  9262 | D:8      | Bought a scroll of random uselessness for 11 gold pieces
  9272 | D:8      | Identified the +3 blowgun "Viguot" {speed, rF+ Str+3} (You found it on level 8 of the Dungeon)
 10486 | D:9      | Reached skill level 13 in Maces & Flails
 10564 | D:9      | Noticed Maurice
 10570 | D:10     | Entered Level 10 of the Dungeon
 11023 | D:9      | Noticed Maurice
 11023 | D:9      | Maurice changed into Maurice the warg
 11050 | D:9      | Killed Maurice the warg
 12584 | D:10     | Reached skill level 14 in Maces & Flails
 12833 | D:11     | Noticed Maud
 12836 | D:11     | Found a staircase to the Lair.
 12837 | D:11     | Noticed Erolcha
 13007 | D:11     | Noticed Harold
 13095 | D:10     | Reached skill level 1 in Armour
 13101 | D:10     | Slain by Erolcha

Vault maps used:
D:1:      nicolae_arrival_washed_ashore, corexii_item_surrounded_by_moat
D:2:      marbit_many_paths
D:3:      grunt_temple_overflow_open, uniq_terence, uniq_jessica, uniq_iyjb
D:4:      lemuel_doored_altar, enter_ossuary_1, hangedman_decor_clover_reticule,
          minmay_unequal
D:5:      temple_hall, first_bread
D:6:      overflow_temple_1_default, yredelemnul_forgotten_temple_becter,
          trog_ov_bears_minmay
D:7:      nemelex_xobeh_ov_fountains_minmay, uniq_menkaure, uniq_pikel,
          uniq_prince_ribbit1
D:8:      blue_anna_alchemist, minmay_hollow_rounded_squares
D:9:      uniq_maurice
D:11:     minmay_lair_entry_grove, david_orc_4, kennysheep_generic_room_16,
          uniq_maud, uniq_harold, uniq_erolcha
Temple:   dpeg_five_rooms_temple_12
Ossuary:  minmay_ossuary_two_tombs

Skill      XL: |  1  2  3  4  5  6  7  8  9 10 |
---------------+-------------------------------+-----
Fighting       | 2 |  2.6
Maces & Flails | 1 3 4 6 8 10 12 14 | 14.0
Armour         | 1 |  1.0
Short Blades   | |  0.8
Dodging        | |  1.7
Stealth        | |  0.8
Evocations     | |  3.0

Action                   |  1- 3 |  4- 6 |  7- 9 | 10-12 || total
-------------------------+-------+-------+-------+-------++-------
Melee: Short sword       |    33 |       |       |       ||    33
       Flail             |    64 |    33 |       |       ||    97
       Whip              |       |   290 |   833 |   358 ||  1481
Throw: Javelin           |       |       |    10 |     3 ||    13
       Stone             |       |       |     2 |       ||     2
Invok: Potion Petition   |       |       |     1 |       ||     1
       Call Merchant     |       |       |       |     1 ||     1
Evoke: Wand              |    15 |    12 |    23 |    11 ||    61
  Use: Scroll            |       |     4 |     5 |    13 ||    22
       Potion            |       |       |     5 |     4 ||     9
 Stab: Sleeping          |     3 |     6 |     3 |     1 ||    13
       Paralysed         |       |       |    10 |       ||    10
       Distracted        |       |       |     3 |     1 ||     4
  Eat: Bread ration      |     1 |     1 |     2 |       ||     4
       Pizza             |     1 |     1 |     1 |       ||     3
       Chunk             |       |     4 |     1 |       ||     5
       Royal jelly       |       |       |     1 |       ||     1
       Fruit             |       |       |     4 |    15 ||    19
